 Dungeon Crawl Stone Soup version 0.21.0 (webtiles) character file.

140932 Hekarica the Blocker (level 17, 0/96 HPs)
             Began as a Vine Stalker Fighter on May 25, 2018.
             Was an Initiate of Gozag.
             Slain by a tentacle (13 damage)
             ... attached to a kraken
             ... on level 3 of the Shoals.
             The game lasted 02:29:57 (19242 turns).

Hekarica the Blocker (Vine Stalker Fighter)        Turns: 19242, Time: 02:29:58

Health: 0/96       AC: 40    Str: 31 (32) XL:     17   Next: 2%
Magic:  0/18       EV:  9    Int:  6 (8)  God:    Gozag
Gold:   1804       SH:  0    Dex: 13      Spells: 16/16 levels left

rFire    . . .     SeeInvis +   b - +0 longbow (venom)
rCold    + + .     Gourm    .   (shield currently unavailable)
rNeg     + + +     Faith    .   j - +12 chain mail of Kucw {rN+ MR+ rCorr Slay+3}
rPois    .         Spirit   +   J - +5 hat of Yxeago {Str+5}
rElec    +         Reflect  .   p - +2 cloak
rCorr    +         Harm     .   g - +2 pair of gloves
MR       +++..                  r - +2 pair of boots
Stlth    ..........             C - amulet of magic regeneration
HPRegen  1.06/turn              S - ring of Wal Taiz {+Fly rElec rC+ Slay+2 SInv}
MPRegen  0.41/turn              R - ring of Esab Ywa {+Fly rC+ rN++}

@: no status effects
A: fangs 3, talons 1, deterioration 1, regeneration 2, magic shield, antimagic
bite, no potion heal 3, rot immunity
}: 1/15 runes: gossamer
a: Potion Petition, Call Merchant, Bribe Branch, Renounce Religion, Evoke Flight


You were on level 3 of the Shoals.
You worshipped Gozag.
Gozag was most pleased with you.
You were not hungry.

You visited 6 branches of the dungeon, and saw 22 of its levels.

You collected 6667 gold pieces.
You spent 3263 gold pieces at shops.
You paid 1600 gold pieces to Gozag.

Inventory:

Hand Weapons
 a - the +8 whip "Snakebite" {curare, rPois}
   (You found it on level 1 of the Lair of Beasts)

   It poisons the flesh of those it strikes.
   It protects you from poison.
 b - a +0 longbow of venom (weapon)
 s - a +4 war axe of electrocution
 v - a +0 shortbow
Missiles
 d - 78 tomahawks
 w - 341 arrows (quivered)
Armour
 c - a +3 shield
 g - a +2 pair of gloves (worn)
 j - the +12 chain mail of Kucw (worn) {rN+ MR+ rCorr Slay+3}
   (You bought it in a shop on level 9 of the Dungeon)

   It affects your accuracy and damage with ranged weapons and melee attacks
   (+3).
   It protects you from negative energy.
   It affects your resistance to hostile enchantments.
   It protects you from acid and corrosion.
 p - a +2 cloak (worn)
 r - a +2 pair of boots (worn)
 G - a +3 plate armour of cold resistance
 J - the +5 hat of Yxeago (worn) {Str+5}
   (You acquired it on level 4 of the Spider Nest)

   It affects your strength (+5).
 O - the +4 chain mail of Weirdness {MR+ Str+2}
   (You found it on level 3 of the Lair of Beasts)

   It affects your strength (+2).
   It affects your resistance to hostile enchantments.
Jewellery
 i - a +3 ring of protection
 C - an amulet of magic regeneration (around neck)
 E - a +3 ring of dexterity
 P - a +3 ring of protection
 R - the ring of Esab Ywa (right hand) {+Fly rC+ rN++}
   (You bought it in a shop on level 9 of the Dungeon)

   [ring of flight]

   It protects you from cold.
   It greatly protects you from negative energy.
   It lets you fly.
 S - the ring of Wal Taiz (left hand) {+Fly rElec rC+ Slay+2 SInv}
   (You bought it in a shop on level 9 of the Dungeon)

   [ring of flight]

   It affects your accuracy and damage with ranged weapons and melee attacks
   (+2).
   It protects you from cold.
   It insulates you from electricity.
   It lets you see invisible.
   It lets you fly.
Wands
 n - a wand of flame (51)
 x - a wand of iceblast (22)
 y - a wand of paralysis (8)
 L - a wand of scattershot (15)
 N - a wand of polymorph (16)
 Q - a wand of random effects (24)
Scrolls
 h - 4 scrolls of identify
 k - 5 scrolls of remove curse
 u - a scroll of amnesia
 z - 2 scrolls of fog
 B - 5 scrolls of teleportation
 F - 2 scrolls of magic mapping
 H - a scroll of silence
 M - 3 scrolls of fear
Potions
 e - 3 potions of magic
 l - 4 potions of agility
 o - a potion of invisibility
 q - 2 potions of haste
 t - a potion of flight
 A - 4 potions of lignification
 I - 4 potions of cancellation
 K - a potion of might
 T - a potion of curing
Miscellaneous
 m - 2 boxes of beasts
 D - a sack of spiders
Comestibles
 f - 27 rations


   Skills:
 + Level 13.8 Fighting
 - Level 9.8(11.7) Axes
 - Level 10.4(12.0) Maces & Flails
 + Level 12.8 Armour
 * Level 14.1 Shields


You had 16 spell levels left.
You didn't know any spells.

Dungeon Overview and Level Annotations

Branches:
Dungeon (10/15)            Temple (1/1) D:4            Lair (3/6) D:10
 Shoals (3/4) Lair:3       Spider (4/4) Lair:2          Orc (1/2) D:9

Altars:
Ashenzari
Cheibriados
Dithmenos
Elyvilon
Fedhas
Gozag
Hepliaklqana
Kikubaaqudgha
Makhleb
Nemelex Xobeh
Okawaru
Qazlal
Ru
Sif Muna
Trog
Uskayaw
Vehumet
Wu Jian
Xom
Yredelemnul
Zin
The Shining One

Shops:
D:8 *   D:9 =*[   D:10 }   Orc:1 [

Annotations:
Spider:3 Louise


Innate Abilities, Weirdness & Mutations

You have razor-sharp teeth.
You heal very quickly.
When hurt, damage is shared between your health and your magic reserves.
Your bite disrupts and absorbs the magic of your enemies.
Potions cannot restore your health.
You are immune to rotting.
You have sharp toenails.
Your body sometimes deteriorates upon taking damage.


Message History

You shoot an arrow. The arrow hits the tentacle segment.
The tentacle segment is poisoned.
The tentacle segment is severely wounded.
The tentacle slaps you! The tentacle completely misses you.
The tentacle slaps you but does no damage. x2
The tentacle slaps you!
* * * LOW HITPOINT WARNING * * *
Firing (i - inventory. (,) - cycle):
w - 342 arrows (quivered)
Press: ? - help, Shift-Dir - straight line, f/p - kraken
Aim: a kraken (ink, water, severely wounded)
You shoot an arrow. The arrow hits the tentacle!!
The tentacle is poisoned.
The tentacle is heavily wounded.
The tentacle slaps you but does no damage.
The tentacle slaps you!
* * * LOW HITPOINT WARNING * * *
Your body deteriorates!
You feel weakened.
The tentacle slaps you but does no damage.
The tentacle slaps you!
You die...
Your body crumbles into a pile of gold.

#..≈≈≈≈..##....(.≈)≈≈≈
#.§§X..# #......≈≈≈≈≈
#.││..###......≈≈≈≈≈ .
#││###≈≈......≈≈≈≈≈
..####││##≈#.......≈≈≈≈≈
......││...........≈≈≈≈≈
.......\>)..........≈≈≈≈
.......ww......###..≈≈≈≈
.......@............≈≈≈≈
..>.........(.#....≈≈≈≈≈
................≈)≈≈≈≈≈≈
≈≈≈≈≈≈.........<≈≈≈≈≈≈≈≈
≈≈≈≈≈≈≈≈≈.......≈≈≈≈≈≈≈≈
≈≈≈≈≈≈≈≈≈≈...≈.≈≈≈≈≈≈≈≈≈
≈≈≈≈≈≈≈≈≈≈≈..≈.≈≈≈≈≈≈≈≈≈
≈≈≈≈≈≈≈≈≈≈≈≈≈≈≈≈≈≈≈≈≈≈≈≈
≈≈≈≈≈≈≈≈≈≈≈≈≈≈≈≈≈≈≈≈≈≈≈≈


You could see a kraken and 2 tentacles.

Vanquished Creatures
  Arachne (Spider:3)
  Kirke (Spider:4)
  Ilsuiw (Shoals:3)
  6 ghost moths
  10 emperor scorpions
  An orc warlord (D:9)
  An entropy weaver (Spider:1)
  Snorg (Lair:3)
  4 merfolk impalers
  2 hydras (Lair:2)
  4 two-headed ogres
  A merfolk avatar (Shoals:1)
  2 satyrs
  A centaur warrior (D:10)
  An orc high priest (Orc:1)
  The ghost of spsoon the Wallflower, a novice DsGl of Uskayaw (D:6)
  2 fire crabs (Shoals:2)
  5 sea snakes
  An unseen horror (D:10)
  An orc knight (Orc:1)
  7 harpies
  Pikel (D:6)
  25 wolf spiders
  The ghost of benacre the Carver, a novice MiGl of Okawaru (D:5)
  20 orb spiders
  4 oklob plants (Lair:2)
  An orc sorcerer (Orc:1)
  7 manticores
  6 fauns
  Joseph (D:7)
  2 moths of wrath
  3 black mambas
  A centaur zombie (D:10)
  Maurice (D:8)
  Psyche (D:8)
  2 water nymphs
  7 merfolk sirens
  4 spiny frogs
  A komodo dragon (Lair:1)
  12 demonic crawlers
  A polar bear (Lair:3)
  16 merfolk
  31 jumping spiders
  3 trolls (Orc:1)
  The ghost of spsoon the Skirmisher, an amateur DsGl (D:4)
  A wind drake (Shoals:3)
  A hornet (Spider:3)
  5 snapping turtles
  Prince Ribbit (D:7)
  14 blink frogs
  5 slime creatures (D:9)
  8 hippogriffs
  6 water elementals
  4 wyverns
  65 redbacks
  A spriggan (D:7)
  28 tarantellas
  3 basilisks
  A fire bat (Shoals:2)
  2 hogs (Spider:4)
  22 yaks
  Edmund (D:5)
  6 wargs (Orc:1)
  14 water moccasins
  11 orc warriors
  11 porcupines
  A hornet zombie (D:8)
  4 ice beasts
  A slave (D:6)
  A necrophage (D:8)
  9 ogres
  A phantom (D:7)
  3 black bears
  6 centaurs
  6 crocodiles
  A gnoll sergeant (D:7)
  15 bullfrogs
  A wyvern skeleton (D:7)
  A scorpion (D:10)
  3 wights (D:9)
  2 howler monkeys (D:10)
  2 electric eels
  5 crimson imps
  2 quasits (D:10)
  A jelly (D:10)
  8 orc priests
  4 hounds
  A bullfrog skeleton (D:10)
  14 orc wizards
  5 worker ants
  Natasha (thrice) (D:4)
  2 iguanas
  A worker ant zombie (D:9)
  15 gnolls
  14 adders
  An adder zombie (D:6)
  3 worms (D:2)
  4 dart slugs
  4 leopard geckos
  65 orcs
  5 giant cockroaches
  3 goblins
  9 hobgoblins
  5 quokkas
  2 ball pythons
  3 bats (D:2)
  3 frilled lizards
  7 kobolds
  A quokka skeleton (D:8)
  8 rats
  11 plants (Shoals:1)
682 creatures vanquished.

Vanquished Creatures (others)
  A tarantella (Spider:1)
  3 humans (Spider:4)
  An orc wizard (D:5)
  29 fungi
  23 plants
  10 tentacles (Shoals:3)
67 creatures vanquished.

Grand Total: 749 creatures vanquished

Notes
Turn   | Place    | Note
-------+----------+-------------------------------------------
     0 | D:1      | Hekarica the Vine Stalker Fighter began the quest for the Orb.
     0 | D:1      | Reached XP level 1. HP: 11/11 MP: 2/2
   109 | D:1      | Reached XP level 2. HP: 13/16 MP: 3/3
   434 | D:1      | Reached skill level 3 in Shields
   434 | D:1      | Reached XP level 3. HP: 17/19 MP: 4/4
   667 | D:2      | Noticed an ice beast
  1462 | D:2      | Gained mutation: Your natural rate of healing is unusually fast. [Vine Stalker growth]
  1462 | D:2      | Reached XP level 4. HP: 22/24 MP: 5/5
  1634 | D:2      | Reached XP level 5. HP: 28/28 MP: 6/6
  1652 | D:2      | Killed an ice beast
  1689 | D:2      | Reached XP level 6. HP: 24/33 MP: 3/7
  2128 | D:3      | Reached skill level 4 in Shields
  2614 | D:4      | Found an opulent altar of Gozag.
  2628 | D:4      | Noticed Natasha
  2634 | D:4      | Killed Natasha
  2634 | D:4      | Reached XP level 7. HP: 35/37 MP: 8/8
  2652 | D:4      | Noticed spsoon's ghost (amateur DsGl)
  2669 | D:4      | Killed spsoon's ghost
  2690 | D:4      | You fall through a shaft!
  2690 | D:5      | Entered Level 5 of the Dungeon
  2722 | D:4      | Became a worshipper of Gozag Ym Sagoz the Greedy
  2755 | D:4      | Noticed Natasha
  2765 | D:4      | Killed Natasha
  2788 | D:4      | Found a staircase to the Ecumenical Temple.
  2814 | Temple   | Entered the Ecumenical Temple
  3134 | D:4      | Gained mutation: You have razor-sharp teeth. [Vine Stalker growth]
  3134 | D:4      | Reached XP level 8. HP: 27/42 MP: 5/9
  3138 | D:4      | Noticed Natasha
  3147 | D:4      | Killed Natasha
  3466 | D:5      | Reached skill level 5 in Fighting
  3466 | D:5      | Reached skill level 5 in Shields
  3481 | D:5      | Found a shattered altar of Ashenzari.
  3697 | D:5      | Noticed Edmund
  3708 | D:5      | Killed Edmund
  3712 | D:5      | Reached skill level 5 in Axes
  3936 | D:5      | Noticed benacre's ghost (novice MiGl)
  3955 | D:5      | Killed benacre's ghost
  3955 | D:5      | Reached skill level 5 in Armour
  3955 | D:5      | Reached XP level 9. HP: 20/48 MP: 7/10
  4094 | D:6      | Reached skill level 6 in Shields
  4140 | D:6      | Noticed Pikel
  4151 | D:6      | Paralysed by Pikel for 2 turns
  4156 | D:6      | Killed Pikel
  4265 | D:6      | Found a blossoming altar of Fedhas.
  4408 | D:6      | Noticed spsoon's ghost (novice DsGl)
  4433 | D:6      | Killed spsoon's ghost
  4433 | D:6      | Reached XP level 10. HP: 18/53 MP: 7/11
  4842 | D:7      | Reached skill level 7 in Shields
  4910 | D:7      | Noticed Joseph
  4934 | D:7      | Killed Joseph
  5098 | D:7      | Noticed Prince Ribbit
  5121 | D:7      | Killed Prince Ribbit
  5518 | D:7      | Identified a scroll of acquirement
  5573 | D:8      | Noticed Psyche
  5575 | D:8      | Noticed Maurice
  5601 | D:8      | Killed Psyche
  5603 | D:8      | Killed Maurice
  5616 | D:8      | Noticed a two-headed ogre
  5631 | D:8      | Killed a two-headed ogre
  5631 | D:8      | Reached skill level 8 in Shields
  5635 | D:8      | Reached XP level 11. HP: 33/60 MP: 10/12
  5808 | D:8      | Found Guxeulo's General Store.
  5869 | D:8      | Bought a scroll of remove curse for 42 gold pieces
  6441 | D:9      | Found Teng's General Store.
  6512 | D:9      | Bought a scroll of enchant weapon for 105 gold pieces
  6512 | D:9      | Bought a scroll of identify for 28 gold pieces
  6512 | D:9      | Bought a ration for 70 gold pieces
  6801 | D:9      | Found a staircase to the Orcish Mines.
  7034 | D:9      | Gained mutation: Your body sometimes deteriorates upon taking damage. [potion of mutation]
  7034 | D:9      | Gained mutation: You have sharp toenails. [potion of mutation]
  7094 | D:10     | Entered Level 10 of the Dungeon
  7115 | D:10     | Noticed a two-headed ogre
  7122 | D:10     | Killed an unseen horror
  7124 | D:10     | Killed a two-headed ogre
  7304 | D:10     | Noticed a centaur warrior
  7311 | D:10     | Killed a centaur warrior
  7311 | D:10     | Reached skill level 9 in Shields
  7379 | D:10     | Found Qozeohi's Gadget Shoppe.
  7453 | D:10     | Noticed a two-headed ogre
  7459 | D:10     | Killed a two-headed ogre
  7517 | D:10     | Gained mutation: You heal very quickly. [Vine Stalker growth]
  7517 | D:10     | Reached XP level 12. HP: 66/66 MP: 13/13
  7594 | D:10     | Found a staircase to the Lair.
  7674 | D:10     | Paralysed by an orc for 3 turns
  7682 | D:10     | Found a shimmering altar of Xom.
  7836 | Orc:1    | Entered Level 1 of the Orcish Mines
  7836 | Orc:1    | Found Sishrob's Antique Armour Shoppe.
  7970 | Orc:1    | Noticed an orc warlord
  8060 | D:9      | Killed an orc warlord
  8231 | Orc:1    | Noticed an orc high priest
  8245 | Orc:1    | Killed an orc high priest
  8249 | Orc:1    | Noticed a two-headed ogre
  8256 | Orc:1    | Killed a two-headed ogre
  8983 | D:9      | Bought the +12 chain mail of Kucw {rN+ MR+ rCorr Slay+3} for 1592 gold pieces
  9035 | Lair:1   | Entered Level 1 of the Lair of Beasts
  9082 | Lair:1   | Reached skill level 10 in Fighting
  9082 | Lair:1   | Reached skill level 10 in Shields
  9208 | Lair:1   | Found the +8 whip "Snakebite" {curare, rPois}
  9345 | Lair:1   | Reached skill level 1 in Maces & Flails
  9474 | Lair:1   | Reached XP level 13. HP: 71/72 MP: 14/14
 10172 | Lair:2   | Found a hole to the Spider Nest.
 10201 | Spider:1 | Entered Level 1 of the Spider Nest
 10275 | Spider:1 | Killed a ghost moth
 10275 | Spider:1 | Reached skill level 10 in Armour
 10344 | Spider:1 | Noticed an emperor scorpion
 10377 | Spider:1 | Killed an emperor scorpion
 10471 | Spider:1 | Reached skill level 11 in Shields
 10844 | Spider:1 | Noticed an entropy weaver
 10863 | Spider:1 | Reached skill level 5 in Maces & Flails
 10875 | Spider:1 | Killed an entropy weaver
 10958 | Spider:1 | Reached XP level 14. HP: 73/79 MP: 15/15
 11215 | Spider:2 | Noticed an emperor scorpion
 11239 | Spider:2 | Killed an emperor scorpion
 12492 | Spider:3 | Killed a ghost moth
 12562 | Spider:3 | Noticed an emperor scorpion
 12590 | Spider:3 | Killed an emperor scorpion
 12590 | Spider:3 | Reached skill level 12 in Shields
 12702 | Spider:3 | Noticed Arachne
 12747 | Spider:3 | Killed Arachne
 12937 | Spider:3 | Noticed Louise
 13401 | Spider:3 | Reached XP level 15. HP: 84/84 MP: 16/16
 13681 | Spider:4 | Entered Level 4 of the Spider Nest
 13798 | Spider:4 | Noticed an emperor scorpion
 13836 | Spider:4 | Killed an emperor scorpion
 13987 | Spider:4 | Noticed an emperor scorpion
 14028 | Spider:4 | Killed an emperor scorpion
 14316 | Spider:4 | Noticed an emperor scorpion
 14376 | Spider:4 | Killed an emperor scorpion
 14503 | Spider:4 | Noticed Kirke
 14504 | Spider:4 | Noticed an emperor scorpion
 14505 | Spider:4 | Noticed an emperor scorpion
 14505 | Spider:4 | Noticed an emperor scorpion
 14510 | Spider:4 | Noticed an emperor scorpion
 14580 | Spider:4 | Got a slimy hat
 14586 | Spider:4 | Identified the +5 hat of Yxeago {Str+5} (You acquired it on level 4 of the Spider Nest)
 14773 | Spider:4 | Killed an emperor scorpion
 14854 | Spider:4 | Killed Kirke
 14871 | Spider:4 | Killed an emperor scorpion
 14883 | Spider:4 | Killed a ghost moth
 14911 | Spider:4 | Killed an emperor scorpion
 14911 | Spider:4 | Reached skill level 13 in Shields
 14967 | Spider:4 | Killed a ghost moth
 14978 | Spider:4 | Killed a ghost moth
 14992 | Spider:4 | Killed an emperor scorpion
 15046 | Spider:4 | Killed a ghost moth
 15046 | Spider:4 | Reached XP level 16. HP: 57/91 MP: 0/17
 15102 | Spider:4 | Got a gossamer rune of Zot
 15786 | D:9      | Bought the ring of Esab Ywa {+Fly rC+ rN++} for 630 gold pieces
 15786 | D:9      | Bought the ring of Wal Taiz {+Fly rElec rC+ Slay+2 SInv} for 766 gold pieces
 15790 | D:9      | Bought a cursed amulet of inaccuracy for 30 gold pieces
 16036 | Lair:2   | Got an iridescent morningstar
 16037 | Lair:2   | Identified the cursed +0 morningstar of the Omega Point {drain, -Tele rPois Int+2} (You found it on level 2 of the Lair of Beasts)
 16661 | Lair:3   | Noticed Snorg
 16673 | Lair:3   | Killed Snorg
 17002 | Lair:3   | Got a slimy chain mail
 17003 | Lair:3   | Identified the +4 chain mail of Weirdness {MR+ Str+2} (You found it on level 3 of the Lair of Beasts)
 17148 | Lair:3   | Found a staircase to the Shoals.
 17174 | Shoals:1 | Entered Level 1 of the Shoals
 17461 | Shoals:1 | Reached skill level 10 in Maces & Flails
 18821 | Shoals:3 | Noticed Ilsuiw
 18849 | Shoals:3 | Killed Ilsuiw
 18883 | Shoals:3 | Reached skill level 14 in Shields
 19184 | Shoals:3 | Reached XP level 17. HP: 93/96 MP: 18/18
 19200 | Shoals:3 | Noticed a kraken
 19242 | Shoals:3 | Slain by a tentacle

Skill      XL: |  1  2  3  4  5  6  7  8  9 10 11 12 13 14 15 16 |
---------------+-------------------------------------------------+-----
Axes           | 2 3 4 5 6 7 8 9 |  9.8
Shields        | 3 4 5 6 8 9 10 11 12 13 14 | 14.1
Fighting       | 3 4 5 6 8 9 10 11 12 13 | 13.8
Armour         | 3 4 5 6 7 8 9 10 11 12 | 12.8
Maces & Flails | 1 5 7 9 10 | 10.4

Action                   |  1- 3 |  4- 6 |  7- 9 | 10-12 | 13-15 | 16-18 || total
-------------------------+-------+-------+-------+-------+-------+-------++-------
Melee: War axe           |    75 |   128 |   208 |   443 |       |       ||   854
       Bite              |    20 |    36 |    74 |   191 |   443 |   274 ||  1038
       Whip              |       |       |       |    40 |  1034 |   545 ||  1619
 Fire: Longbow           |       |       |       |       |       |    16 ||    16
Throw: Tomahawk          |       |       |       |       |       |     4 ||     4
Invok: Call Merchant     |       |       |       |     1 |       |     1 ||     2
 Abil: Evoke Flight      |       |       |       |       |       |     2 ||     2
Evoke: Wand              |       |       |       |     3 |     2 |       ||     5
  Use: Potion            |       |     1 |       |    13 |     4 |       ||    18
       Scroll            |       |    11 |     3 |    17 |    10 |     9 ||    50
 Stab: Distracted        |       |       |     1 |     2 |    11 |     1 ||    15
       Paralysed         |       |       |       |     1 |       |       ||     1
  Eat: Ration            |     1 |     1 |     2 |     5 |     5 |     5 ||    19
Armor: Scale mail        |    28 |    39 |    91 |    28 |       |       ||   186
       Plate armour      |       |       |       |   209 |       |       ||   209
       Chain mail        |       |       |       |    30 |   778 |   225 ||  1033
       Skin              |       |       |       |       |    26 |       ||    26
Dodge: Dodged            |    21 |    30 |    58 |    86 |   269 |    98 ||   562
Block: Shield            |    43 |    74 |    99 |   300 |   716 |   303 ||  1535
